 Dungeon Crawl Stone Soup version 0.19-a0-1903-gead39cf (webtiles) character file.

175 LORDOFBUTT the Shield-Bearer (level 5, -6/46 HPs)
             Began as a Minotaur Fighter on Oct 20, 2016.
             Mangled by an orc warrior
             ... wielding a +0 war axe
              (20 damage)
             ... on level 3 of the Dungeon.
             The game lasted 00:01:36 (1683 turns).

LORDOFBUTT the Shield-Bearer (Minotaur Fighter)     Turns: 1683, Time: 00:01:37

Health: -6/46      AC:  7    Str: 20    XL:     5   Next: 29%
Magic:  4/4        EV:  8    Int:  5    God:
Gold:   145        SH: 10    Dex: 11    Spells: 0 memorised, 4 levels left

rFire  . . .     SeeInvis .     a - +0 war axe
rCold  . . .     Gourm    .     b - +0 scale mail
rNeg   . . .     Faith    .     c - +0 shield
rPois  .         Spirit   .     (helmet restricted)
rElec  .         Reflect  .     (no cloak)
rCorr  .         Harm     .     (no gloves)
MR     .....                    (no boots)
Stlth  ..........               (no amulet)
                                (no ring)
                                (no ring)

@: no status effects
A: retaliatory headbutt, horns 2
a: no special abilities


You were on level 3 of the Dungeon.
You were not hungry.

You visited 1 branch of the dungeon, and saw 3 of its levels.

You collected 145 gold pieces.

Inventory:

Hand Weapons
 a - a +0 war axe (weapon)
Armour
 b - a +0 scale mail (worn)
 c - a +0 shield (worn)
Scrolls
 f - a scroll of magic mapping
 i - a scroll of recharging
 m - a scroll of identify
 o - a scroll of noise {unknown}
 p - a scroll of remove curse {unknown}
 t - a scroll of teleportation {unknown}
Potions
 d - a potion of might
 e - 3 potions of resistance
 g - a potion of degeneration {unknown}
 h - a potion of flight {unknown}
 j - a potion of curing {unknown}
 k - a potion of heal wounds {unknown}
 r - a potion of haste {unknown}
 u - a potion of cancellation {unknown}
Books
 n - a book of Necromancy

   Spells                             Type                      Level
   a - Pain                           Necromancy                   1
   b - Animate Skeleton               Necromancy                   1
   c - Vampiric Draining              Necromancy                   3
   d - Regeneration                   Charms/Necromancy            3
   e - Animate Dead                   Necromancy                   4
   f - Control Undead                 Necromancy                   4
Comestibles
 l - 3 meat rations
 q - a royal jelly
 s - a bread ration


   Skills:
 + Level 4.1 Fighting
 + Level 4.3 Axes
 + Level 4.3 Armour
 + Level 1.3 Dodging
 + Level 5.1 Shields


You had 4 spell levels left.
You didn't know any spells.

Dungeon Overview and Level Annotations

Branches:
Dungeon (3/15)

Altars:
Kikubaaqudgha


Innate Abilities, Weirdness & Mutations

You reflexively headbutt those who attack you in melee.
You have a pair of horns on your head.


Message History

You are too injured to fight recklessly!
You are too injured to fight recklessly!
You are too injured to fight recklessly!
You are too injured to fight recklessly!
You are too injured to fight recklessly!
You are too injured to fight recklessly!
You are too injured to fight recklessly!
You are too injured to fight recklessly!
You are too injured to fight recklessly!
You are too injured to fight recklessly!
You are too injured to fight recklessly!
You are too injured to fight recklessly!
You are too injured to fight recklessly!
You barely miss the orc warrior. Your headbutt misses the orc warrior.
The orc warrior is almost dead.
The orc warrior closely misses you.
You hit the orc warrior.
The orc warrior is almost dead.
The orc warrior hits you with a war axe!!
You die...

##### .>..###
#.....#
##.#.#.# #
#......# # #.
#......##o#####
..#.
#...@or.....
..###..##o.....
#.#..## .....
#..## .... #.##
... #.#######
## #.#.....#
####.#.....#
#..........#


You could see an orc warrior, 2 orcs and a rat.

Vanquished Creatures
  A phantom (D:3)
  2 adders (D:3)
  3 worms
  A dart slug (D:1)
  A leopard gecko (D:3)
  2 orcs (D:3)
  A giant cockroach (D:1)
  8 goblins
  9 hobgoblins
  8 jackals
  A quokka (D:3)
  6 bats
  6 frilled lizards
  2 kobolds
  5 rats
56 creatures vanquished.

Notes
Turn   | Place    | Note
-------+----------+-------------------------------------------
     0 | D:1      | LORDOFBUTT the Minotaur Fighter began the quest for the Orb.
     0 | D:1      | Reached XP level 1. HP: 19/19 MP: 0/0
   207 | D:1      | Reached XP level 2. HP: 24/27 MP: 1/1
   629 | D:2      | Reached skill level 4 in Shields
   695 | D:2      | Reached XP level 3. HP: 33/33 MP: 2/2
   868 | D:2      | Found an ancient bone altar of Kikubaaqudgha.
  1397 | D:3      | Reached XP level 4. HP: 38/40 MP: 3/3
  1533 | D:3      | Noticed a phantom
  1552 | D:3      | Killed a phantom
  1552 | D:3      | Reached skill level 1 in Dodging
  1552 | D:3      | Reached skill level 5 in Shields
  1552 | D:3      | Reached XP level 5. HP: 40/46 MP: 4/4
  1666 | D:3      | Noticed an orc warrior
  1683 | D:3      | Mangled by an orc warrior

Vault maps used:
D:1:      nicolae_arrival_memento_mori
D:2:      nicolae_overflow_crystal_walls, minmay_misc_feat_cross

Skill      XL: |  1  2  3  4 |
---------------+-------------+-----
Armour         | 4 |  4.3
Shields        | 4 5 |  5.1
Axes           | 3 4 |  4.3
Fighting       | 4 |  4.1
Dodging        | 1 |  1.3

Action                   |  1- 3 |  4- 6 || total
-------------------------+-------+-------++-------
Melee: War axe           |   116 |    48 ||   164
       Headbutt          |    16 |     6 ||    22
  Use: Scroll            |     3 |       ||     3
  Eat: Bread ration      |     1 |       ||     1
Armor: Scale mail        |    60 |     7 ||    67
Dodge: Dodged            |    36 |     9 ||    45
Block: Shield            |    74 |    23 ||    97
